 Dungeon Crawl Stone Soup version 0.28.0-45-g0d030f2227 (webtiles) character file.

Game seed: 3111651545201933533

2590 sking99 the Cleaver (level 9, 0/76 (78) HPs)
             Began as a Hill Orc Monk on May 20, 2022.
             Was a Priest of Beogh.
             Succumbed to an orc priest's poison
             ... on level 7 of the Dungeon.
             The game lasted 00:14:08 (8492 turns).

sking99 the Cleaver (Hill Orc Monk)                 Turns: 8492, Time: 00:14:09

HP:   0/76 (78)     AC: 13    Str: 18    XL:     9   Next: 58%
MP:   13/15         EV: 11    Int: 10    God:    Beogh [***...]
Gold: 269           SH:  5    Dex: 13    Spells: 8/8 levels left

rFire   . . .      SeeInvis .   s - +0 war axe
rCold   . . .      Faith    .   m - +0 buckler
rNeg    . . .      Spirit   .   b - +3 chain mail
rPois   .          Reflect  .   (no helmet)
rElec   .          Harm     .   y - +0 cloak
rCorr   .          Rampage  .   (no gloves)
Will    .....                   (no boots)
Stlth   ..........              o - amulet of magic regeneration
HPRegen 0.22/turn               e - +4 ring of evasion
MPRegen 0.54/turn               r - ring of flight

@: lethally poisoned (0 -> -9), about to teleport, flying, lightly drained
A: no striking features
a: Renounce Religion, Smiting


You were on level 7 of the Dungeon.
You worshipped Beogh.
Beogh was most pleased with you.
You visited 1 branch of the dungeon, and saw 7 of its levels.

You collected 293 gold pieces.
You spent 24 gold pieces at shops.

Inventory:

Hand Weapons
 s - a +0 war axe (weapon)
Armour
 b - a +3 chain mail (worn)
 m - a +0 buckler (worn)
 y - a +0 cloak (worn)
Jewellery
 c - a ring of fire
 e - a +4 ring of evasion (left hand)
 f - a ring of fire
 o - an amulet of magic regeneration (around neck)
 r - a ring of flight (right hand)
 t - a +4 ring of evasion
Wands
 p - a wand of flame (34)
 w - a wand of paralysis (11)
 x - a wand of polymorph (7)
Scrolls
 g - a scroll of blinking
 h - 2 scrolls of vulnerability
 j - 2 scrolls of identify
 l - 3 scrolls of teleportation
 n - 4 scrolls of enchant weapon
 v - 2 scrolls of summoning
Potions
 d - a potion of resistance
 i - 4 potions of flight
 q - a potion of haste
 z - 2 potions of lignification


   Skills:
 - Level 6.5 Fighting
 + Level 11.1 Axes
 - Level 2.4 Armour
 - Level 2.4 Dodging
 - Level 1.5 Stealth
 - Level 6.0 Shields
 + Level 8.1 Invocations


You had 8 spell levels left.
You didn't know any spells.
Your spell library contained the following spells:

 Spells                   Type           Power      Damage    Failure   Level
 Ensorcelled Hibernation  Hex/Ice        0%         N/A       100%        2
 Spider Form              Tmut/Pois      0%         N/A       100%        3
 Anguish                  Hex/Necr       0%         N/A       100%        4


Dungeon Overview and Level Annotations

Branches:
Dungeon (7/15)             Temple (0/1) D:4

Altars:
Uskayaw
Xom
Yredelemnul
The Shining One

Shops:
D:1 ?


Message History

You closely miss the scorpion.
The scorpion is almost dead.
You feel sick. The scorpion misses you.
Your orc hits the scorpion with a +0 war axe.
The scorpion dies!
Beogh accepts your kill.
Your orc looks more experienced.
Your orc hits the orc warrior but does no damage.
The orc warrior hits you from afar with a +0 trident!
Your Invocations skill increases to level 8!
You feel sick.
Your orc completely misses the orc warrior.
The orc warrior hits your orc with a +0 trident!
Your orc dies!
You closely miss the orc warrior.
You feel sick.
You barely miss the orc priest. You hit the orc warrior.
You feel sick.
The orc warrior hits you but does no damage.
The orc priest hits you but does no damage.
You are more poisoned.
As you read the scroll of teleportation, it crumbles to dust.
You feel strangely unstable.
You feel very sick.
The orc warrior hits you but does no damage.
The orc priest hits you but does no damage.
You are more poisoned.
* * * LOW HITPOINT WARNING * * *
You feel very sick.
The orc warrior hits you but does no damage.
The orc priest begins to cast a cantrip, but forgets the words!
Aiming: Smiting
Press: ? - help, Dir - move target, f - orc priest Smite: an orc priest, wielding a +1 dagger of venom You smite the orc priest!!
You kill the orc priest!
Beogh accepts your kill.
Beogh appreciates your killing of a heretic priest.
You feel very sick.
The orc warrior hits you from afar with a +0 trident!
* * * LOW HITPOINT WARNING * * *
You die...

#######.# #..#...
##.......###......
#.................
#..#########......
#..# ####### #..#
# #..# #
#..####### #
#@.......#
#.######.# #.#
#.....)o.......
####
#.#####.#######
#... #.# #.## #..
#.# ... #.# #..
#.#


You could see an orc warrior.

Vanquished Creatures
  The ghost of Mefist the Conjurer, an amateur DECj (D:5)
  A human (D:6)
  4 vampire mosquitoes (D:7)
  Menkaure (D:7)
  2 ice beasts (D:5)
  A black bear (D:5)
  2 necrophages (D:6)
  A bullfrog (D:6)
  A water moccasin zombie (D:5)
  A water moccasin skeleton (D:5)
  3 wights (D:7)
  2 bullfrog zombies (D:6)
  A jelly (D:5)
  5 orc priests
  2 bullfrog skeletons
  5 hounds
  A centaur skeleton (D:6)
  7 iguanas
  3 orc wizards
  A hound skeleton (D:4)
  4 adders
  2 white imps
  An ufetubus (D:4)
  2 adder skeletons (D:4)
  A worm (D:3)
  3 dart slugs
  20 orcs
  5 ball pythons
  4 bats
  4 endoplasms
  7 goblins
  6 hobgoblins
  A kobold (D:4)
  A quokka (D:4)
  3 frilled lizards
  2 rats
111 creatures vanquished.

Vanquished Creatures (collateral kills)
  A scorpion (D:7)
  2 orcs (D:6)
3 creatures vanquished.

Vanquished Creatures (others)
  An orc priest (D:3)
  7 orcs
  A kobold (D:3)
  A bat (D:3)
10 creatures vanquished.

Grand Total: 124 creatures vanquished

Notes
Turn   | Place    | Note
-------+----------+-------------------------------------------
     0 | D:1      | sking99 the Hill Orc Monk began the quest for the Orb.
     0 | D:1      | Reached XP level 1. HP: 19/19 MP: 1/1
   265 | D:1      | Reached XP level 2. HP: 12/27 MP: 2/2
   508 | D:1      | Found Zekec's Magic Scroll Emporium.
   513 | D:1      | Bought a scroll of identify for 24 gold pieces
   920 | D:1      | Reached skill level 5 in Axes
  1032 | D:2      | Found a faded altar of an unknown god.
  1041 | D:2      | Reached XP level 3. HP: 28/33 MP: 3/3
  2288 | D:3      | Became a worshipper of Beogh the Brigand
  2288 | D:3      | Reached * piety under Beogh
  2288 | D:3      | Reached ** piety under Beogh
  2616 | D:3      | Reached XP level 4. HP: 25/40 MP: 4/4
  2712 | D:3      | Reached skill level 6 in Axes
  2712 | D:3      | Reached skill level 1 in Invocations
  3476 | D:3      | Found a glowing golden altar of the Shining One.
  3745 | D:3      | Reached XP level 5. HP: 26/46 MP: 6/6
  4203 | D:4      | Reached skill level 7 in Axes
  4257 | D:4      | Found a staircase to the Ecumenical Temple.
  4449 | D:4      | Reached XP level 6. HP: 52/52 MP: 8/8
  5024 | D:4      | Found a shimmering altar of Xom.
  5025 | D:4      | Found a hide-covered altar of Uskayaw.
  5058 | D:4      | Reached skill level 1 in Armour
  5319 | D:5      | Entered Level 5 of the Dungeon
  5319 | D:5      | Noticed an ice beast
  5362 | D:5      | Reached skill level 8 in Axes
  5494 | D:5      | Reached XP level 7. HP: 53/60 MP: 8/10
  5787 | D:5      | Reached skill level 5 in Fighting
  5787 | D:5      | Reached skill level 1 in Shields
  5803 | D:5      | Reached skill level 9 in Axes
  6017 | D:5      | Reached skill level 5 in Invocations
  6129 | D:5      | Found a large runed translucent door.
  6129 | D:5      | Found a large runed translucent door.
  6170 | D:5      | Reached XP level 8. HP: 67/67 MP: 11/11
  6177 | D:5      | Noticed Mefist's ghost (amateur DECj)
  6192 | D:5      | Killed Mefist's ghost
  6287 | D:6      | Reached *** piety under Beogh
  6905 | D:6      | Found a runed translucent door.
  6960 | D:6      | Found a basalt altar of Yredelemnul.
  6992 | D:6      | Reached skill level 5 in Shields
  7286 | D:6      | Reached XP level 9. HP: 75/77 MP: 13/13
  7561 | D:7      | Noticed Menkaure
  7568 | D:7      | Killed Menkaure
  7569 | D:7      | Reached skill level 10 in Axes
  8260 | D:7      | Reached skill level 11 in Axes
  8491 | D:7      | HP: 2/76 [orc warrior/+0 trident (11)]
  8492 | D:7      | Succumbed to an orc priest's poison

Illustrated notes

Levels and vault maps discovered:
D:1:      dpeg_arrival_line_fractal, layout_loops_cross, serial_shops, shop
D:2:      layout_basic, chequers_ecumenical_altar_island
D:3:      layout_loops_ring, tso_altar
D:4:      layout_gridville, gammafunk_temple_overflow_pools,
          minmay_temple_entry_glassed_door, serial_park_tiny_pond
D:5:      layout_basic, ebering_ghost_disaster_area
D:6:      layout_basic, dk_yredelemnul_ordeal
D:7:      layout_loops_ring, uniq_menkaure

Skill      XL: |  1  2  3  4  5  6  7  8  9 |
---------------+----------------------------+-----
Fighting       | 4 5 6 |  6.5
Axes           | 5 6 7 8 9 11 | 11.1
Invocations    | 2 3 4 5 6 8 |  8.1
Armour         | 1 2 |  2.4
Shields        | 2 5 6 |  6.0
Dodging        | |  2.4
Stealth        | |  1.5

Action                   |  1- 3 |  4- 6 |  7- 9 || total
-------------------------+-------+-------+-------++-------
Melee: Hand axe          |   118 |   124 |       ||   242
       Punch             |     1 |     3 |       ||     4
       War axe           |       |    33 |   257 ||   290
Invok: Convert to Beogh  |     1 |       |       ||     1
       Smiting           |       |     1 |     5 ||     6
  Use: Scroll            |     2 |    10 |     6 ||    18
       Potion            |       |     2 |     3 ||     5
 Stab: Sleeping          |     2 |       |       ||     2
Armor: Leather armour    |    13 |     2 |       ||    15
       Robe              |     1 |       |       ||     1
       Chain mail        |       |    55 |    90 ||   145
       Skin              |       |       |    34 ||    34
Dodge: Dodged            |    77 |    72 |   108 ||   257
Block: Buckler           |       |       |    45 ||    45
